 Dungeon Crawl Stone Soup version 0.13-a0-2236-g7be3fc8 (webtiles) character file.

841 Bruce the Reanimator (level 7, 0/36 HPs)
             Began as a Deep Elf Necromancer on July 4, 2013.
             Killed from afar by an orc wizard (5 damage)
             ... with a magic dart
             ... on Level 5 of the Dungeon.
             The game lasted 00:14:46 (3299 turns).

Bruce the Reanimator (Deep Elf Necromancer)         Turns: 3299, Time: 00:14:47

HP   0/36        AC  3     Str 11      XL: 7   Next: 11%
MP   7/22        EV 13     Int 21      God:
Gold 274         SH  0     Dex 15      Spells:  5 memorised,  6 levels left

Res.Fire  : . . .   See Invis. : .   D - +0 short sword (elec)
Res.Cold  : . . .   Warding    : .   a - +0 elf robe
Life Prot.: . . .   Conserve   : .   (no shield)
Res.Poison: +       Res.Corr.  : .   (no helmet)
Res.Elec. : .       Clarity    : .   (no cloak)
Sust.Abil.: . .     Spirit.Shd : .   e - +0 pair of bracers {archer}
Res.Mut.  : .       Stasis     : .   (no boots)
Res.Rott. : .       Flight     : .   (no amulet)
Saprovore : . . .                    x - ring of poison resistance {unknown}
                                     F - ring of teleport control

@: regenerating, mighty, slightly resistant to hostile enchantments, fairly
stealthy
A: no striking features
a: Evoke Teleport Control


You were on level 5 of the Dungeon.
You were not hungry.

You visited 1 branch of the dungeon, and saw 6 of its levels.

You collected 254 gold pieces.

Inventory:

Hand weapons
 s - a +0,+0 short sword
 y - a +0,+1 dagger
 D - a +0,+0 short sword of electrocution (weapon)
Missiles
 j - 35 bolts
 p - 9 poisoned needles
 z - 2 javelins (quivered)
Armour
 a - a +0 elven robe (worn)
 e - a +0 pair of bracers of archery (worn)
Magical devices
 i - a wand of slowing (10) {unknown}
Comestibles
 c - 4 bread rations
 r - a chunk of giant gecko flesh
Scrolls
 d - 6 scrolls of identify {unknown}
 f - a scroll of magic mapping {unknown}
 g - 3 scrolls of enchant weapon I {unknown}
 k - 2 scrolls of noise {unknown}
 q - 5 scrolls of amnesia {unknown}
 t - 2 scrolls of blinking {unknown}
 u - 3 scrolls of curse weapon {unknown}
 v - a scroll of curse jewellery {unknown}
 A - 2 scrolls of remove curse {unknown}
 C - a scroll of curse armour {unknown}
 E - a scroll of enchant armour {unknown}
Jewellery
 h - an uncursed amulet of stasis {unknown}
 x - a ring of poison resistance (right hand) {unknown}
 F - a ring of teleport control (left hand)
Potions
 l - 2 potions of might
 m - 2 potions of mutation {unknown}
 n - 2 potions of curing
 o - a potion of confusion {unknown}
 w - a potion of slowing {unknown}
 B - a potion of poison {unknown}
 G - a potion of speed {unknown}
Books
 b - a book of Necromancy

   Spells                             Type                      Level
   *Pain                              Necromancy                   1
   *Animate Skeleton                  Necromancy                   1
   *Lethal Infusion                   Charms/Necromancy            2
   Vampiric Draining                  Necromancy                   3
   *Regeneration                      Charms/Necromancy            3
   *Animate Dead                      Necromancy                   4
   Control Undead                     Necromancy                   4


   Skills:
 + Level 3.4 Dodging
 - Level 2.4 Stealth
 + Level 5.7 Spellcasting
 * Level 8.5 Necromancy


You had 6 spell levels left.
You knew the following spells:

 Your Spells              Type           Power        Failure   Level  Hunger
a - Pain                  Necr           ####         1%          1    None
b - Animate Skeleton      Necr           N/A          1%          1    None
c - Regeneration          Chrm/Necr      ###.......   6%          3    ##.....
d - Animate Dead          Necr           N/A          2%          4    ####...
e - Lethal Infusion       Chrm/Necr      ###.......   2%          2    None


Dungeon Overview and Level Annotations

Branches:
Dungeon (6/27)
 Temple: D:4-7          Orc: D:6-11

Altars:
Ashenzari
Xom
Zin


Message History

Press: ? - help, Shift-Dir - straight line, f/p - orc wizard
Aim: an orc wizard, wielding an orcish hammer and wearing an orcish robe (severely wounded, moving very quickly)
The orc wizard convulses in agony!
The orc wizard hits you with an orcish hammer.
The orc wizard barely misses you.
You closely miss the orc wizard.
The orc wizard is severely wounded.
The orc wizard glows brightly for a moment.
The orc wizard closely misses you.
The orc wizard hits you with an orcish hammer.
* * * LOW HITPOINT WARNING * * *
The orc wizard closely misses you.
Drink which item? (? for menu, Esc to quit)
You feel very mighty all of a sudden.
It was a potion of might.
The orc wizard hits you with an orcish hammer.
* * * LOW HITPOINT WARNING * * *
The orc wizard points at you and mumbles some strange words.
The magic dart hits you!
You die...

##################
#..................
#...................
#.........%@oo...?..
#...........o.......
#......>...........
#...............<..
#..................
#........####.....
#........# ....
........# ...
.......#


You could see 2 orc wizards and an orc.

Vanquished Creatures
  A black bear skeleton (D:3)
  A water moccasin skeleton (D:4)
  A crimson imp (D:5)
  An orc priest (D:4)
  2 hounds
  2 orc wizards
  3 worker ants
  7 adders
  5 worms
  6 giant geckos
  15 orcs
  4 giant cockroaches
  3 hobgoblins
  4 jackals (D:5)
  2 quokkas (D:3)
  10 bats
  2 giant newts
  4 goblins
  A jackal skeleton (D:4)
  5 kobolds
  12 rats
  A rat zombie (D:5)
92 creatures vanquished.

Vanquished Creatures (collateral kills)
  A worker ant (D:4)
  A hound skeleton (D:4)
  An adder (D:2)
  An orc (D:4)
  3 bats
7 creatures vanquished.

Vanquished Creatures (others)
  An adder zombie (D:5)
  2 bat skeletons (D:4)
  3 giant gecko skeletons
  2 goblin skeletons
  A hobgoblin skeleton (D:3)
  A jackal skeleton (D:5)
  2 orc zombies (D:5)
  A rat (D:4)
  2 rat skeletons (D:2)
  A rat zombie (D:5)
16 creatures vanquished.

Grand Total: 115 creatures vanquished

Notes
Turn   | Place    | Note
--------------------------------------------------------------
     0 | D:1      | Bruce, the Deep Elf Necromancer, began the quest for the Orb.
     0 | D:1      | Reached XP level 1. HP: 10/10 MP: 4/4
    43 | D:1      | Reached skill level 5 in Necromancy
    46 | D:1      | Learned a level 1 spell: Animate Skeleton
   315 | D:1      | Reached XP level 2. HP: 9/15 MP: 5/7
   398 | D:1      | Found a shimmering altar of Xom.
   398 | D:1      | Found a shimmering altar of Xom.
   400 | D:1      | Found a shimmering altar of Xom.
   415 | D:1      | Found a shimmering altar of Xom.
   725 | D:2      | Reached XP level 3. HP: 8/19 MP: 3/9
   732 | D:2      | Learned a level 3 spell: Regeneration
   864 | D:2      | Reached skill level 6 in Necromancy
  1031 | D:2      | Reached XP level 4. HP: 18/24 MP: 1/13
  1243 | D:3      | Learned a level 4 spell: Animate Dead
  1940 | D:3      | Reached skill level 7 in Necromancy
  1940 | D:3      | Reached XP level 5. HP: 28/28 MP: 16/16
  1990 | D:3      | Learned a level 2 spell: Lethal Infusion
  2354 | D:3      | Found a glowing silver altar of Zin.
  2455 | D:4      | Reached XP level 6. HP: 17/32 MP: 14/20
  2499 | D:4      | Found a shattered altar of Ashenzari.
  2583 | D:4      | Reached skill level 8 in Necromancy
  2777 | D:4      | Reached skill level 5 in Spellcasting
  2880 | D:5      | Entered Level 5 of the Dungeon
  3220 | D:6      | Reached XP level 7. HP: 29/36 MP: 12/22
  3299 | D:5      | Killed from afar by an orc wizard

Action                   |  1- 3 |  4- 6 |  7- 9 || total
-------------------------+-------+-------+-------++-------
Melee: Short sword       |    16 |    98 |     3 ||   117
Throw: Javelin           |     1 |     5 |       ||     6
       Dagger            |       |     1 |       ||     1
 Cast: Pain              |    54 |   100 |    14 ||   168
       Animate Skeleton  |     6 |    12 |     2 ||    20
       Regeneration      |     3 |    19 |     1 ||    23
       Lethal Infusion   |       |     2 |       ||     2
       Animate Dead      |       |     4 |       ||     4
  Use: Potion            |       |     3 |     1 ||     4
 Stab: Sleeping          |     1 |     4 |       ||     5
